 Dungeon Crawl Stone Soup version 0.18-a0-61-g51eb058 (webtiles) character file.

28931 ReteAZ the Severer (level 13, 0/124 HPs)
             Began as a Minotaur Berserker on Nov 9, 2015.
             Was the Champion of Trog.
             Shot with a poisoned arrow by Nessos (7 damage)
             ... on level 5 of the Lair of Beasts.
             The game lasted 00:37:58 (17745 turns).

ReteAZ the Severer (Minotaur Berserker)            Turns: 17745, Time: 00:37:59

Health: 0/124      AC: 24    Str: 23    XL:     13   Next: 12%
Magic:  12/12      EV:  5    Int:  4    God:    Trog [******]
Gold:   947        SH:  0    Dex: 16    Spells: 0 memorised, 12 levels left

rFire  . . .     SeeInvis .     m - +4 battleaxe (flame)
rCold  + . .     Clarity  .     o - +5 chain mail of Cimuwk {rElec rC+ Dex+2 Stlth-}
rNeg   . . .     SustAt   .     (shield currently unavailable)
rPois  +         Gourm    .     (helmet restricted)
rElec  +         Spirit   .     Q - +2 cloak
rCorr  .         Warding  .     f - +0 pair of gloves
rMut   .         Stasis   .     n - +0 pair of boots
MR     +....                    (no amulet)
Stlth  ..........               r - ring of protection from magic
                                e - ring of poison resistance

@: lethally poisoned (0 -> 0), very slightly contaminated, somewhat resistant to
hostile enchantments, extremely unstealthy
A: retaliatory headbutt, beak, horns 2
a: Berserk, Trog's Hand, Brothers in Arms, Burn Spellbooks, Renounce Religion


You were on level 5 of the Lair of Beasts.
You worshipped Trog.
Trog was exalted by your worship.
You were hungry.

You visited 2 branches of the dungeon, and saw 16 of its levels.
You also visited: Bailey.

You collected 947 gold pieces.

Inventory:

Hand Weapons
 m - a +4 battleaxe of flaming (weapon)
 F - a +0 whip of flaming
 L - a +2 antimagic battleaxe
 T - a +2 war axe of electrocution
Missiles
 A - a throwing net
 Y - 4 javelins (quivered)
Armour
 a - a +3 chain mail
 f - a +0 pair of gloves (worn)
 n - a +0 pair of boots (worn)
 o - the +5 chain mail of Cimuwk (worn) {rElec rC+ Dex+2 Stlth-}
   (You found it on level 4 of the Lair of Beasts)

   It affects your dexterity (+2).
   It protects you from cold.
   It insulates you from electricity.
   It makes you less stealthy.
 Q - a +2 cloak (worn)
Jewellery
 b - an uncursed ring of see invisible
 e - a ring of poison resistance (left hand)
 r - a ring of protection from magic (right hand)
 x - an uncursed ring of protection from cold
 Z - an uncursed ring of sustain attributes
Wands
 u - a wand of draining (11)
 v - a wand of magic darts (16)
 H - a wand of paralysis (13)
 O - a wand of magic darts (16)
 P - a wand of confusion (38)
 R - a wand of lightning (9)
 U - a wand of flame (16)
Scrolls
 g - 9 scrolls of remove curse
 i - 9 scrolls of identify
 k - a scroll of blinking
 y - 2 scrolls of silence
 B - 2 scrolls of enchant armour
 G - 6 scrolls of vulnerability
 I - a scroll of enchant weapon
 S - 3 scrolls of teleportation
Potions
 d - 3 potions of heal wounds
 h - 2 potions of brilliance
 l - 8 potions of curing
 q - 4 potions of degeneration {unknown}
 t - 3 potions of agility {unknown}
 z - 4 potions of berserk rage {unknown}
 C - 2 potions of invisibility {unknown}
 D - a potion of might
 E - 2 potions of poison
 J - a potion of resistance
 M - 2 potions of cancellation
 V - a potion of haste {unknown}
 X - a potion of flight {unknown}
Books
 s - a book of Burglary

   Spells                             Type                      Level
   a - Swiftness                      Charms/Air                   2
   b - Passwall                       Transmutation/Earth          3
   c - Passage of Golubria            Translocation                4
   d - Lee's Rapid Deconstruction     Earth                        5
   e - Darkness                       Hexes                        6
   f - Invisibility                   Hexes                        6
   Trog disapproves of the use of such an item.
Miscellaneous
 N - a lantern of shadows
Comestibles
 c - 12 bread rations {@e1}
 j - 5 beef jerkies
 p - 3 meat rations {@e2}
 w - 15 fruits
 K - 2 slices of pizza


   Skills:
 - Level 14.0 Fighting
 - Level 17.2 Axes
 * Level 13.7 Armour
 - Level 2.1 Dodging


You had 12 spell levels left.
You didn't know any spells.

Dungeon Overview and Level Annotations

Branches:
Dungeon (11/15)            Temple (0/1) D:5            Lair (5/8) D:9
    Orc (0/4) D:10
  Swamp: Lair:3-6    Shoals: Lair:3-6     Snake: Lair:3-6    Spider: Lair:3-6

Altars:
Ashenzari
Elyvilon
Gozag
Makhleb
Nemelex Xobeh
Qazlal
Trog
Vehumet

Annotations:
Lair:5 Nessos


Innate Abilities, Weirdness & Mutations

You reflexively headbutt those who attack you in melee.
You have a pair of horns on your head.
You have a beak for a mouth.


Message History

As you read the scroll of blinking, it crumbles to dust.
Nessos unwields an uncursed longbow of flaming.
It stops flaming.
Nessos hits you!
* * * LOW HITPOINT WARNING * * *
Nessos pounds the earth with his hooves.
Nessos hits you but does no damage.
Your deep troll bites the fire drake!!
Your deep troll claws the fire drake!
The fire drake dies!
Trog accepts your kill.
You slice Nessos!! You burn Nessos! You headbutt Nessos, but do no damage.
You peck Nessos.
Nessos is severely wounded.
You feel sick. Nessos completely misses you.
Nessos blinks!
Your deep troll closely misses the river rat. x3
Nessos wields an uncursed longbow of flaming.
It bursts into flame!
Nessos shoots a poisoned arrow.
The poisoned arrow hits you!
* * * LOW HITPOINT WARNING * * *
The poisoned arrow burns you!
You die...

#......##
##.....##....
###.....P# ##(##P#
..#
#.......######(#####
.. ##.....c###.§rT##
. #P.....#.......#
#.........÷..#.#
##..P.........##
#...........P#
##....@.....PP.#
#.....§.......#
#.............##
##.............#
#P...#........#
###...##P....## ...#
###..# #..# .#


You could see Nessos, a river rat and a friendly deep troll (berserk).

Vanquished Creatures
  Snorg (Lair:4)
  2 hydras
  A catoblepas (D:11)
  Erica (D:8)
  Urug (Lair:2)
  A deep elf knight (Bailey)
  A hill giant (D:11)
  Pikel (D:5)
  A manticore (D:11)
  2 guardian serpents (D:10)
  3 griffons
  An ugly thing (D:11)
  Maurice (D:8)
  Joseph (D:8)
  5 spiny frogs
  Psyche (D:8)
  A black mamba (Lair:4)
  A deep elf priest (Bailey)
  A troll (D:11)
  2 komodo dragons
  A two-headed ogre (D:8)
  A polar bear (Lair:3)
  5 blink frogs (Lair:1)
  A spriggan (D:7)
  Sigmund (D:4)
  6 deep elf magi
  19 yaks
  5 deep elf fighters (Bailey)
  8 hippogriffs
  3 wolves (Lair:1)
  9 water moccasins
  2 orc warriors
  A sky beast (D:9)
  A phantom (D:9)
  3 black bears
  An eye of draining (D:10)
  9 porcupines
  A necrophage (D:8)
  4 centaurs
  5 ice beasts
  8 ogres
  A wasp (Lair:5)
  7 crocodiles
  15 giant frogs
  2 big kobolds
  2 water moccasin zombies
  4 scorpions
  14 killer bees
  14 wights
  8 electric eels
  2 giant frog zombies
  A centaur zombie (D:5)
  A giant frog skeleton (D:7)
  2 hounds (D:11)
  2 quasits
  8 iguanas
  3 crimson imps
  2 centaur skeletons
  3 jellies
  13 orc wizards
  7 worker ants
  2 orc priests
  7 sheep (Lair:3)
  3 hound zombies
  2 hound skeletons
  2 worker ant zombies
  A gnoll (D:1)
  37 river rats
  18 adders
  5 shadow imps
  A worm (D:3)
  40 orcs
  A ball python (D:2)
  4 giant cockroaches
  9 hobgoblins
  10 jackals
  10 quokkas
  7 bats
  6 giant geckos
  A giant gecko skeleton (D:6)
  4 giant newts
  13 goblins
  10 kobolds
  4 rats
  A butterfly (Lair:4)
  2 fungi
  3 plants
437 creatures vanquished.

Vanquished Creatures (collateral kills)
  A fire drake (Lair:5)
1 creature vanquished.

Vanquished Creatures (others)
  A hound skeleton (D:5)
  A river rat (Lair:5)
  12 fungi
  3 plants (Lair:4)
17 creatures vanquished.

Grand Total: 455 creatures vanquished

Notes
Turn   | Place    | Note
--------------------------------------------------------------
     0 | D:1      | ReteAZ the Minotaur Berserker began the quest for the Orb.
     0 | D:1      | Reached XP level 1. HP: 19/19 MP: 0/0
    33 | D:1      | Reached skill level 4 in Axes
    33 | D:1      | Reached XP level 2. HP: 2/26 MP: 1/1
  1167 | D:2      | Reached skill level 5 in Axes
  1394 | D:2      | Reached XP level 3. HP: 29/31 MP: 2/2
  1572 | D:2      | Reached ** piety under Trog
  1959 | D:3      | Reached XP level 4. HP: 33/39 MP: 3/3
  1967 | D:3      | Reached skill level 6 in Axes
  2231 | D:3      | Reached XP level 5. HP: 41/45 MP: 4/4
  2261 | D:3      | Reached skill level 7 in Axes
  2627 | D:3      | Reached *** piety under Trog
  3348 | D:4      | Noticed an ogre
  3357 | D:4      | Killed an ogre
  3357 | D:4      | Reached skill level 8 in Axes
  3357 | D:4      | Reached XP level 6. HP: 51/51 MP: 5/5
  3398 | D:4      | Noticed Sigmund
  3405 | D:4      | Killed Sigmund
  3405 | D:4      | Reached skill level 9 in Axes
  3483 | D:4      | Reached XP level 7. HP: 57/57 MP: 6/6
  3848 | D:4      | Found a stormy altar of Qazlal.
  3851 | D:4      | Found a burning altar of Makhleb.
  3854 | D:4      | Found an opulent altar of Gozag.
  4186 | D:5      | Entered Level 5 of the Dungeon
  4279 | D:5      | Reached skill level 10 in Axes
  4313 | D:5      | Found a staircase to the Ecumenical Temple.
  4783 | D:5      | Noticed Pikel
  4791 | D:5      | Killed Pikel
  4791 | D:5      | Reached skill level 12 in Axes
  4791 | D:5      | Reached XP level 8. HP: 64/64 MP: 7/7
  5179 | D:6      | Reached **** piety under Trog
  6006 | D:6      | Reached skill level 5 in Fighting
  6338 | D:6      | Found a bloodstained altar of Trog.
  6354 | D:6      | Reached XP level 9. HP: 73/75 MP: 8/8
  6398 | D:6      | Reached skill level 5 in Armour
  7147 | D:7      | Reached skill level 13 in Axes
  7291 | D:7      | Found a flagged portal.
  7294 | D:7      | Reached ***** piety under Trog
  7304 | Bailey   | Entered a bailey
  7465 | Bailey   | Reached XP level 10. HP: 54/91 MP: 9/9
  7858 | Bailey   | Noticed a deep elf knight
  7864 | Bailey   | Killed a deep elf knight
  7880 | Bailey   | Received a gift from Trog
  8078 | D:7      | Found a sparkling altar of Nemelex Xobeh.
  8078 | D:7      | Found a radiant altar of Vehumet.
  8140 | D:7      | Reached skill level 10 in Armour
  8630 | D:8      | Noticed Maurice
  8660 | D:8      | Killed Maurice
  8660 | D:8      | Reached skill level 14 in Axes
  8733 | D:8      | Noticed Psyche
  8734 | D:8      | Noticed Joseph
  8735 | D:8      | Noticed Erica
  8741 | D:8      | Killed Psyche
  8866 | D:8      | Killed Erica
  8868 | D:8      | Killed Joseph
  8868 | D:8      | Reached skill level 15 in Axes
  8868 | D:8      | Reached XP level 11. HP: 97/97 MP: 3/10
  9132 | D:8      | Found a shattered altar of Ashenzari.
  9435 | D:9      | Found a staircase to the Lair.
  9519 | D:9      | Found an opulent altar of Gozag.
  9593 | D:9      | Found a white marble altar of Elyvilon.
  9610 | D:9      | Received a gift from Trog
 10411 | D:10     | Entered Level 10 of the Dungeon
 10518 | D:10     | Gained mutation: You have a beak for a mouth. [potion of beneficial mutation]
 10726 | D:10     | Reached skill level 16 in Axes
 11209 | D:10     | Found a staircase to the Orcish Mines.
 12184 | D:11     | Noticed a hill giant
 12192 | D:11     | Killed a hill giant
 12551 | D:11     | Noticed a catoblepas
 12582 | D:11     | Killed a catoblepas
 12582 | D:11     | Reached skill level 17 in Axes
 12932 | D:11     | Reached skill level 10 in Fighting
 13280 | D:11     | Received a gift from Trog
 13684 | Lair:1   | Entered Level 1 of the Lair of Beasts
 13773 | Lair:1   | Reached XP level 12. HP: 88/110 MP: 3/11
 13822 | Lair:1   | Reached ****** piety under Trog
 14634 | Lair:2   | Noticed Urug
 14642 | Lair:2   | Killed Urug
 15409 | Lair:2   | Received a gift from Trog
 15943 | Lair:3   | Noticed a five-headed hydra
 15951 | Lair:3   | Killed a two-headed hydra
 16678 | Lair:4   | Got a brightly glowing chain mail
 16689 | Lair:4   | Identified the +5 chain mail of Cimuwk {rElec rC+ Dex+2 Stlth-} (You found it on level 4 of the Lair of Beasts)
 16773 | Lair:4   | Noticed Snorg
 16777 | Lair:4   | Killed Snorg
 17183 | Lair:4   | Reached XP level 13. HP: 112/124 MP: 12/12
 17271 | Lair:4   | Received a gift from Trog
 17708 | Lair:5   | Noticed Nessos
 17745 | Lair:5   | Shot with a poisoned arrow by Nessos

Vault maps used:
D:1:      elethiomel_arrival_shortcut, grunt_decor_resistance
D:2:      first_bread
D:4:      grunt_temple_overflow_diamond, uniq_sigmund
D:5:      minmay_temple_entry_butterflies, uniq_pikel
D:6:      wad_lake_hut, basic_altar, serial_aquarium,
          aquarium_bridge_long_separate, aquarium_bridge_straight,
          aquarium_window_fake, aquarium_window_2, aquarium_window_corridor_1,
          aquarium_view_2e, aquarium_view_2b
D:7:      gammafunk_temple_overflow_wave, enter_bailey_3, the_bakery
D:8:      ashenzari_conservatory_becter, uniq_joseph, uniq_psyche, uniq_erica,
          uniq_maurice
D:9:      elyvilon_altar_3, st_stairs_4, grunt_gozag_statues
D:10:     nrook_guardian_serpent_snake_passage, orc_0_dummy
Lair:1:   lemuel_old_faithful
Lair:2:   uniq_urug
Lair:3:   minivault_27
Lair:4:   serial_forest, infiniplex_forest_clump_double,
          infiniplex_forest_clump_curved, infiniplex_forest_lined_4_way,
          infiniplex_forest_clump_tiny, infiniplex_forest_clump_large,
          infiniplex_forest_lined_room_3, infiniplex_forest_clump_tiny,
          grunt_forest_small_clearing_treed, lemuel_fruit_fields, uniq_snorg
Lair:5:   bh_autumn_forest_stairs, lemuel_fruit_tree, uniq_nessos, uniq_maud
Bailey:   bailey_polearm_3, bailey

Action                   |  1- 3 |  4- 6 |  7- 9 | 10-12 | 13-15 || total
-------------------------+-------+-------+-------+-------+-------++-------
Melee: Hand axe          |    53 |    90 |   221 |    30 |       ||   394
       Spear             |    39 |       |       |       |       ||    39
       Whip              |     7 |    36 |   146 |       |       ||   189
       Battleaxe         |       |       |       |   446 |    51 ||   497
       War axe           |       |       |       |   146 |       ||   146
Throw: Throwing net      |       |       |     1 |       |       ||     1
Invok: Burn Spellbooks   |       |     1 |     2 |     4 |       ||     7
       Berserk           |       |     1 |     4 |     3 |       ||     8
       Brothers in Arms  |       |       |       |       |     1 ||     1
Evoke: Wand              |       |       |     4 |     2 |       ||     6
  Use: Scroll            |     6 |       |     4 |    19 |     2 ||    31
       Potion            |       |       |       |     1 |       ||     1
 Stab: Distracted        |       |       |       |     1 |       ||     1
  Eat: Chunk             |     3 |     6 |    16 |    30 |     2 ||    57
       Pizza             |       |       |     1 |       |       ||     1
       Beef jerky        |       |       |       |     2 |       ||     2
